 Dungeon Crawl Stone Soup version 0.31-a0-185-g9dded2c639 (webtiles) character file.

Game seed: 12597044202965640904

175536 qw the Acrobat (level 17, -4/111 HPs)
             Began as a Deep Elf Hunter on June 22, 2023.
             Was a High Priest of Okawaru.
             Slain by the 27-headed Lernaean hydra (6 damage)
             ... on level 3 of the Swamp.
             The game lasted 00:14:25 (24798 turns).

qw the Acrobat (Deep Elf Hunter)                   Turns: 24798, Time: 00:14:25

Health: -4/111     AC: 23    Str: 17    XL:     17   Next: 48%
Magic:  24/26      EV: 43    Int: 17    God:    Okawaru [*****.]
Gold:   612        SH:  0    Dex: 29    Spells: 16/16 levels left

rFire   . . .        p - +11 longbow "Kulielum" {speed, Will+ rCorr}
rCold   . . .        (shield currently unavailable)
rNeg    . . .        v - +5 ring mail "Ryny" {Will+ Dex+3}
rPois   .            e - +2 helmet
rElec   .            k - scarf "Miwnah" {shadows, Fly Str+3}
rCorr   +            r - +2 pair of gloves
SInv    .            q - +1 pair of boots
Will    +++..        m - amulet of faith
Stlth   ++++         g - +5 ring of evasion
HPRegen 0.38/turn    o - +6 ring of dexterity
MPRegen 0.20/turn

%: clarity, faith
@: lethally poisoned (-4 -> -21), about to teleport, heroic, flying
A: thin skeletal structure 1, clarity, deterioration 1, evolution 1, inability
to read after injury 1
a: Renounce Religion, Heroism, Finesse, Duel


You were on level 3 of the Swamp.
You worshipped Okawaru.
Okawaru was extremely pleased with you.
You visited 5 branches of the dungeon, and saw 29 of its levels.
You also visited: Sewer.

You collected 3129 gold pieces.
You spent 2517 gold pieces at shops.


Innate Abilities, Weirdness & Mutations

You have a somewhat thin skeletal structure. (Dex +2, Stealth+)
You possess an exceptional clarity of mind.
Your body sometimes deteriorates upon taking damage.
You have hidden genetic potential.
You occasionally lose the ability to read scrolls when taking damage.


   Skills:
 - Level 14.0(19.0) Fighting
 + Level 20.6(25.6) Ranged Weapons
 - Level 9.0(14.0) Armour
 - Level 22.0(27) Dodging
 - Level 1.2(6.2) Stealth
 - Level 10.0 Invocations


You had 16 spell levels left.
You didn't know any spells.
Your spell library was empty.

Inventory:

Hand Weapons
 p - the +11 longbow "Kulielum" (weapon) {speed, Will+ rCorr}
   (Okawaru gifted it to you on level 3 of the Lair of Beasts)

   rCorr:     It protects you from acid and corrosion.
   Will:      It increases your willpower.
Armour
 c - a +4 ring mail of fire resistance
 e - a +2 helmet (worn)
 k - the scarf "Miwnah" (worn) {shadows, Fly Str+3}
   (Okawaru gifted it to you on level 4 of the Lair of Beasts)

   Str:       It affects your strength (+3).
   Fly:       It grants you flight.
 n - a +2 cloak
 q - a +1 pair of boots (worn)
 r - a +2 pair of gloves (worn)
 v - the +5 ring mail "Ryny" (worn) {Will+ Dex+3}
   (You found it on level 5 of the Lair of Beasts)

   Dex:       It affects your dexterity (+3).
   Will:      It increases your willpower.
Jewellery
 g - a +5 ring of evasion (left hand)
 m - an amulet of faith (around neck)
 o - a +6 ring of dexterity (right hand)
 z - an amulet of reflection
Wands
 w - a wand of digging (14)
Scrolls
 a - 16 scrolls of identify
 s - 5 scrolls of teleportation
 x - 4 scrolls of enchant weapon
Potions
 d - 13 potions of curing
 f - 4 potions of enlightenment
 i - 4 potions of might
 j - 2 potions of heal wounds
 l - 3 potions of magic
 t - 4 potions of haste
 u - 4 potions of cancellation

Dungeon Overview and Level Annotations

Branches:
Dungeon (15/15)            Temple (0/1) D:6            Lair (5/5) D:8
  Swamp (4/4) Lair:2        Snake (3/4) Lair:2        Slime (0/5) Lair:5
    Orc (2/2) D:10            Elf (0/3) Orc:2        Vaults (0/5) D:13
 Depths (0/4) D:15          Sewer (visited)

Altars:
Ashenzari
Cheibriados
Dithmenos
Hepliaklqana
Makhleb
Okawaru
Ru
Sif Muna
Vehumet
Xom
The Shining One

Shops:
D:9 *   Orc:2 ?[(?!*:!   Snake:1 *

Portals:
Trove: D:10 (give 17 potions of curing)

Annotations:
Swamp:3 Lernaean hydra
Snake:2 3 runed translucent doors, Gygal Fez's ghost, adept MiFi


Message History

There is a stone staircase leading down, spattered with blood here.
24797 ||| INVOKING Heroism.
You gain the combat prowess of a mighty hero.
You feel very sick.
The 27-headed Lernaean hydra completely misses you. x2
The 27-headed Lernaean hydra closely misses you.
The 27-headed Lernaean hydra completely misses you.
The 27-headed Lernaean hydra misses you.
The 27-headed Lernaean hydra bites you but does no damage.
The 27-headed Lernaean hydra bites you!
The 27-headed Lernaean hydra bites you but does no damage.
The 27-headed Lernaean hydra closely misses you.
The 27-headed Lernaean hydra completely misses you.
The 27-headed Lernaean hydra misses you. x2
The 27-headed Lernaean hydra completely misses you. x2
The 27-headed Lernaean hydra bites you.
The 27-headed Lernaean hydra completely misses you.
The 27-headed Lernaean hydra bites you!
The 27-headed Lernaean hydra misses you.
The 27-headed Lernaean hydra completely misses you.
The 27-headed Lernaean hydra bites you! The 27-headed Lernaean hydra bites you.
The 27-headed Lernaean hydra completely misses you. x2
The 27-headed Lernaean hydra closely misses you.
The 27-headed Lernaean hydra completely misses you. x3
24798 ||| READING 6 scrolls of teleportation.
As you read the scroll of teleportation, it crumbles to dust.
You feel strangely unstable.
You feel very sick.
The 27-headed Lernaean hydra closely misses you.
The 27-headed Lernaean hydra completely misses you.
The 27-headed Lernaean hydra bites you but does no damage.
The 27-headed Lernaean hydra completely misses you. x2
The 27-headed Lernaean hydra closely misses you.
The 27-headed Lernaean hydra bites you!
The 27-headed Lernaean hydra completely misses you.
The 27-headed Lernaean hydra bites you but does no damage.
The 27-headed Lernaean hydra completely misses you. x2
The 27-headed Lernaean hydra bites you but does no damage. x3
The 27-headed Lernaean hydra bites you.
You die...

7~~~~~~~.~~.~~~~~~~...777 77
77~~......777~~¤...~7777 7>
7.~~.77...~77.~~.~~~~77 77~
77.~...~...../~~~~....7 7.~ 7
777.~~¤~~.~...~~.....7 7~~ 7
77~~~~~...7.....~~.7 7~~ 7
77777~.~~~~..~.7<~~~~~77 7..
777~~77..>~~...~~.~~.~~.77 77~
7.~~~~7.......~~@~~~~....7 7~
~.~¤¤.<.~~~....D~.777..¤~77777777
.~~~~~~~~~~~...~.~7777~77~.~.7.~~
~~~~~~~~~~~~.77...~7 77¤~.~~..~~~
~.~..~~~~~~~~77.~~~77 7..7....~~~
~¤.~~..~~...777.~~~.777777...~.~~
...~.~~~..~.^777~~¤.~7 7.~.~77.~~
7777~.~~.~7777 7....7777~~..77~.~
.~7777).7777777777~7777~..¤.777~~


You could see the 27-headed Lernaean hydra.

Vanquished Creatures
  Bai Suzhen (Swamp:4)
  Vashnia (Snake:2)
  Jorgrun (Swamp:3)
  2 nagarajas (Snake:3)
  A fenstrider witch (Swamp:4)
  Roxanne (Snake:2)
  An orc warlord (Orc:2)
  6 eleionomae
  4 bunyips
  An ettin (Orc:2)
  2 shambling mangroves
  2 rakshasas (D:15)
  A great orb of eyes (D:15)
  A ghost crab (Swamp:3)
  A salamander tyrant (Snake:3)
  16 hydras
  A merfolk avatar (Lair:5)
  A catoblepas (Lair:5)
  5 centaur warriors
  9 alligators
  7 anacondas
  5 boulder beetles
  5 death yaks (Lair:4)
  5 two-headed ogres
  3 naga warriors
  Urug (D:13)
  An orc high priest (Orc:2)
  12 naga sharpshooters
  3 shock serpents
  2 skysharks
  4 skeletal warriors (D:15)
  A fire crab (shapeshifter) (D:15)
  Lodul (D:13)
  3 spriggan druids (Swamp:4)
  5 goliath frogs
  3 sea snakes (Lair:5)
  5 swamp dragons
  A naga ritualist (Snake:1)
  A wizard (D:14)
  4 bog bodies
  4 mana vipers (Snake:1)
  6 deep elf pyromancers
  9 orc knights
  6 orc sorcerers
  5 will-o-the-wisps
  10 ugly things
  5 cyclopes
  4 manticores
  6 salamanders
  A manticore (shapeshifter) (D:14)
  21 slime creatures
  20 elephants
  A guardian serpent (Lair:2)
  29 black mambas
  10 naga magi
  9 cane toads
  An unseen horror (D:11)
  18 komodo dragons
  2 efreet
  6 rime drakes
  A bloated husk (Swamp:4)
  A polar bear (Lair:5)
  8 trolls
  A troll (shapeshifter) (D:14)
  A wind drake (Lair:5)
  Grinder (D:5)
  8 saltlings (Orc:2)
  12 hornets
  28 blink frogs
  7 tyrant leeches
  2 blink frogs (shapeshifter) (D:13)
  A vampire (D:10)
  3 wraiths
  10 spriggans
  10 wyverns
  24 yaks
  A basilisk (shapeshifter) (D:13)
  16 humans (D:13)
  3 basilisks
  9 vampire mosquitoes
  2 steam dragons
  4 wargs
  15 nagas
  Menkaure (D:7)
  10 swamp worms
  2 acid dragons
  16 water moccasins
  Pargi (Sewer)
  15 orc warriors
  6 swamp drakes
  An ice beast (D:7)
  2 black bears
  3 boggarts (D:15)
  13 centaurs
  10 ogres
  10 wolves
  5 kobold brigands
  A phantom (D:5)
  15 bullfrogs
  2 gnoll sergeants
  3 scorpions
  14 wights
  12 killer bees
  3 howler monkeys
  4 hounds
  2 jellies
  14 orc priests
  2 gnoll boudas (D:7)
  6 iguanas
  26 orc wizards
  Robin (D:2)
  25 gnolls
  7 adders
  A river rat (D:5)
  3 dart slugs
  3 worms
  69 orcs
  4 ball pythons
  8 endoplasms
  4 giant cockroaches
  9 hobgoblins
  26 kobolds
  2 quokkas (D:1)
  9 bats
  9 frilled lizards
  15 goblins
  14 rats
879 creatures vanquished.

Vanquished Creatures (others)
  A hydra (Swamp:4)
  A bloated husk (Swamp:3)
  A shadow (D:10)
  A sky beast (D:6)
  An orc (Orc:1)
  6 foxfires
11 creatures vanquished.

Grand Total: 890 creatures vanquished

Notes
Turn   | Place    | Note
-------+----------+-------------------------------------------
     0 | D:1      | qw the Deep Elf Hunter began the quest for the Orb.
     0 | D:1      | Reached XP level 1. HP: 12/12 MP: 3/3
     0 | D:1      | 0 ||| qw: Version: 0.3-a-9-g12657ce
     0 | D:1      | 0 ||| qw: Game counter: 1800
     0 | D:1      | 0 ||| qw: Always use a shield: true
     0 | D:1      | 0 ||| qw: God list: Okawaru
     0 | D:1      | 0 ||| qw: Allow faded altars: false
     0 | D:1      | 0 ||| qw: Do Orc after D:15 true
     0 | D:1      | 0 ||| qw: Do second Lair branch before Depths: true
     0 | D:1      | 0 ||| qw: Lair rune preference: random
     0 | D:1      | 0 ||| qw: Plans: Normal
     0 | D:1      | 0 ||| PLANNING D:1-11
    54 | D:1      | Reached XP level 2. HP: 11/16 MP: 4/4
    56 | D:1      | Reached skill level 6 in Ranged Weapons
   260 | D:1      | Reached XP level 3. HP: 20/20 MP: 5/5
   826 | D:1      | 826 ||| UPGRADING to +0 helmet.
   831 | D:1      | 831 ||| UPGRADING to +0 cloak.
   836 | D:1      | 836 ||| READING scroll labelled DECUFRYOFU.
   837 | D:1      | 837 ||| READING scroll labelled OTUDES OSACADD.
   838 | D:1      | 838 ||| READING scroll labelled ZATHOO WEARUGG.
   839 | D:1      | 839 ||| DROPPING scroll of butterflies.
   902 | D:2      | 902 ||| READING scroll of enchant weapon.
   902 | D:2      | 902 ||| ENCHANTING +1 shortbow.
  1044 | D:2      | Noticed Robin
  1046 | D:2      | 1046 ||| FLEEEEING.
  1047 | D:2      | 1047 ||| FLEEEEING.
  1075 | D:2      | Reached XP level 4. HP: 25/25 MP: 6/6
  1414 | D:2      | Killed Robin
  1616 | D:2      | 1616 ||| UPGRADING to +0 ring mail.
  1626 | D:2      | 1626 ||| DROPPING +0 leather armour.
  1627 | D:2      | 1627 ||| UPGRADING to amulet of regeneration.
  1632 | D:2      | 1632 ||| UPGRADING to +5 ring of evasion.
  1633 | D:2      | 1633 ||| DRINKING 2 fuming silvery potions.
  1634 | D:2      | 1634 ||| DRINKING 2 ruby potions.
  1634 | D:2      | Gained mutation: You sometimes lose your temper in combat.
                  | [potion of mutation]
  1634 | D:2      | Gained mutation: Your flesh is cold resistant. (rC+)
                  | [potion of mutation]
  1635 | D:2      | 1635 ||| DRINKING potion of mutation.
  1635 | D:2      | Lost mutation: Your flesh is cold resistant. (rC+) [potion
                  | of mutation]
  1635 | D:2      | Lost mutation: You sometimes lose your temper in combat.
                  | [potion of mutation]
  1635 | D:2      | Gained mutation: Your body sometimes deteriorates upon
                  | taking damage. [potion of mutation]
  1635 | D:2      | Gained mutation: You occasionally lose the ability to read
                  | scrolls when taking damage. [potion of mutation]
  1635 | D:2      | Gained mutation: Your body often deteriorates upon taking
                  | damage. [potion of mutation]
  1635 | D:2      | Gained mutation: You have hidden genetic potential. [potion
                  | of mutation]
  1847 | D:3      | Found a faded altar of an unknown god.
  1874 | D:3      | Found a snail-covered altar of Cheibriados.
  1874 | D:3      | Found a glowing golden altar of the Shining One.
  1875 | D:3      | Found a shimmering blue altar of Sif Muna.
  1955 | D:3      | Found an iron altar of Okawaru.
  1956 | D:3      | 1956 ||| PLANNING OKAWARU WORSHIP
  1956 | D:3      | 1956 ||| DROPPING ring of magical power.
  1957 | D:3      | 1957 ||| UPGRADING to +6 ring of dexterity.
  1958 | D:3      | 1958 ||| READING scroll labelled BYUHOSTRI TOYX.
  1959 | D:3      | 1959 ||| DRINKING 2 fizzy green potions.
  1960 | D:3      | 1960 ||| DRINKING 2 red potions.
  1961 | D:3      | 1961 ||| DROPPING potion of attraction.
  1962 | D:3      | 1962 ||| DROPPING potion of degeneration.
  1974 | D:3      | Became a worshipper of Warmaster Okawaru
  1975 | D:3      | 1975 ||| PLANNING D:1-11
  2059 | D:3      | 2059 ||| UPGRADING to +2 ring mail of willpower.
  2069 | D:3      | 2069 ||| DROPPING +0 ring mail.
  2083 | D:4      | Noticed an ogre
  2088 | D:4      | 2088 ||| STAIRDANCE
  2091 | D:3      | Killed an ogre
  2092 | D:3      | Reached skill level 9 in Ranged Weapons
  2092 | D:3      | Reached XP level 5. HP: 16/29 MP: 7/7
  2095 | D:3      | Reached skill level 3 in Dodging
  2104 | D:3      | Gained mutation: You have a somewhat thin skeletal
                  | structure. (Dex +2, Stealth+) [hidden potential]
  2119 | D:4      | 2119 ||| STAIRDANCE
  2136 | D:4      | Noticed an ogre
  2143 | D:4      | Killed an ogre
  2143 | D:4      | Reached * piety under Okawaru
  2144 | D:4      | Reached skill level 1 in Armour
  2144 | D:4      | Reached XP level 6. HP: 16/35 MP: 8/8
  2144 | D:4      | 2144 ||| INVOKING Heroism.
  2149 | D:4      | HP: 8/35 [poisoned by a kobold]
  2152 | D:4      | HP: 2/35 [poisoned by a kobold]
  2156 | D:4      | 2156 ||| DRINKING 2 potions of curing.
  2156 | D:4      | 2156 ||| (to cure poison)
  2234 | D:4      | Gained mutation: Your spells are a little harder to cast,
                  | but a little more powerful. [hidden potential]
  2234 | D:4      | Lost mutation: You have hidden genetic potential. [hidden
                  | potential expressed]
  2302 | D:4      | 2302 ||| INVOKING Heroism.
  2318 | D:4      | Reached XP level 7. HP: 30/40 MP: 7/9
  2382 | D:4      | Reached skill level 1 in Invocations
  2408 | D:4      | 2408 ||| INVOKING Heroism.
  2514 | D:4      | 2514 ||| INVOKING Heroism.
  2645 | D:4      | 2645 ||| DRINKING 2 viscous red potions.
  2656 | D:5      | Entered Level 5 of the Dungeon
  2657 | D:5      | 2657 ||| PLANNING SEWER
  2691 | D:5      | Noticed Grinder
  2692 | D:5      | 2692 ||| INVOKING Heroism.
  2695 | D:5      | Reached skill level 3 in Invocations
  2704 | D:5      | Killed Grinder
  2705 | D:5      | Reached skill level 4 in Dodging
  2705 | D:5      | Reached XP level 8. HP: 44/44 MP: 10/13
  2794 | D:5      | 2794 ||| INVOKING Heroism.
  2836 | D:5      | Reached skill level 12 in Ranged Weapons
  2858 | D:5      | 2858 ||| INVOKING Heroism.
  2956 | D:5      | Reached skill level 5 in Dodging
  2966 | D:5      | Identified the +5 flail of Instant Death {freeze, rF+ rN+}
  3082 | D:5      | Found a glowing drain.
  3083 | D:5      | 3083 ||| DRINKING 3 lumpy grey potions.
  3084 | D:5      | 3084 ||| DRINKING 2 potions of curing.
  3084 | D:5      | 3084 ||| (to cure confusion)
  3085 | D:5      | 3085 ||| READING 3 scrolls of identify.
  3085 | D:5      | 3085 ||| IDENTIFYING fizzy ruby potion
  3086 | D:5      | 3086 ||| READING 2 scrolls of identify.
  3086 | D:5      | 3086 ||| IDENTIFYING green potion
  3087 | D:5      | 3087 ||| DROPPING 2 potions of ambrosia.
  3091 | Sewer    | Entered a sewer
  3162 | Sewer    | 3162 ||| SWAPPING to +0 orcbow.
  3165 | Sewer    | 3165 ||| DROPPING +2 shortbow.
  3210 | Sewer    | Noticed Pargi
  3222 | Sewer    | Killed Pargi
  3246 | Sewer    | 3246 ||| DROPPING amulet of magic regeneration.
  3247 | Sewer    | 3247 ||| READING scroll labelled KEMIM JIUDO.
  3252 | Sewer    | 3252 ||| DRINKING 3 fuming puce potions.
  3253 | Sewer    | 3253 ||| DRINKING 2 grey potions.
  3254 | Sewer    | 3254 ||| DROPPING potion of brilliance.
  3267 | D:5      | 3267 ||| PLANNING D:1-11
  3380 | D:5      | Reached skill level 3 in Fighting
  3380 | D:5      | Found a broken altar of Ashenzari.
  3413 | D:6      | 3413 ||| STAIRDANCE
  3415 | D:5      | 3415 ||| INVOKING Heroism.
  3446 | D:6      | 3446 ||| INVOKING Heroism.
  3465 | D:6      | Reached ** piety under Okawaru
  3533 | D:6      | Reached XP level 9. HP: 50/50 MP: 14/14
  3537 | D:6      | 3537 ||| INVOKING Heroism.
  3546 | D:6      | Reached skill level 6 in Dodging
  3564 | D:6      | Found a staircase to the Ecumenical Temple.
  3650 | D:6      | 3650 ||| INVOKING Heroism.
  3661 | D:6      | 3661 ||| Stepping ~*~*~tactically~*~*~ (cloud).
  3745 | D:6      | 3745 ||| SWAPPING to +3 orcbow.
  3746 | D:6      | 3746 ||| DROPPING +0 orcbow.
  3893 | D:6      | 3893 ||| UPGRADING to +2 cloak.
  3903 | D:6      | 3903 ||| DROPPING +0 cloak.
  3904 | D:6      | 3904 ||| UPGRADING to +0 pair of boots.
  3909 | D:6      | 3909 ||| UPGRADING to amulet of faith.
  3919 | D:6      | 3919 ||| DRINKING 2 purple potions.
  3965 | D:7      | Found a shadowy altar of Dithmenos.
  3968 | D:7      | Found a hazy altar of Hepliaklqana.
  4047 | D:7      | Found a flagged portal.
  4170 | D:7      | 4170 ||| INVOKING Heroism.
  4395 | D:7      | Reached skill level 15 in Ranged Weapons
  4395 | D:7      | 4395 ||| INVOKING Heroism.
  4448 | D:7      | Identified the +1 mace of a Labyrinth {pain, rPois rF-
                  | Dex+4}
  4471 | D:7      | Found a burning altar of Makhleb.
  4531 | D:7      | Noticed Menkaure
  4532 | D:7      | 4532 ||| INVOKING Heroism.
  4534 | D:7      | Killed Menkaure
  4535 | D:7      | Reached skill level 7 in Dodging
  4651 | D:7      | 4651 ||| INVOKING Heroism.
  4675 | D:7      | 4675 ||| READING scroll labelled XEPHUNA IPTYHE.
  4760 | D:7      | 4760 ||| READING scroll labelled HUUTOM YMMAOR.
  4761 | D:7      | 4761 ||| READING 2 scrolls of identify.
  4761 | D:7      | 4761 ||| IDENTIFYING smoky dark potion
  4762 | D:7      | 4762 ||| DROPPING potion of lignification.
  4787 | D:8      | Found a staircase to the Lair.
  4794 | D:8      | 4794 ||| STAIRDANCE
  4829 | D:8      | 4829 ||| STAIRDANCE
  5120 | D:8      | Noticed a manticore
  5121 | D:8      | 5121 ||| INVOKING Heroism.
  5127 | D:8      | Killed a manticore
  5151 | D:8      | 5151 ||| FLEEEEING.
  5310 | D:8      | Reached XP level 10. HP: 58/58 MP: 15/15
  5601 | D:8      | 5601 ||| PLANNING LAIR
  5601 | D:8      | 5601 ||| READING scroll labelled JAC NUXTEZIM.
  5602 | D:8      | 5602 ||| READING 2 scrolls of identify.
  5602 | D:8      | 5602 ||| IDENTIFYING fizzy clear potion
  5604 | D:8      | 5604 ||| Stepping ~*~*~tactically~*~*~ (cloud).
  5813 | Lair:1   | Entered Level 1 of the Lair of Beasts
  5887 | Lair:1   | 5887 ||| INVOKING Heroism.
  5925 | Lair:1   | Reached *** piety under Okawaru
  5952 | Lair:1   | Noticed a cane toad
  5953 | Lair:1   | 5953 ||| INVOKING Heroism.
  5955 | Lair:1   | Killed a cane toad
  6003 | Lair:1   | Noticed a cane toad
  6004 | Lair:1   | 6004 ||| INVOKING Heroism.
  6013 | Lair:1   | Killed a cane toad
  6014 | Lair:1   | Reached skill level 8 in Dodging
  6051 | Lair:1   | 6051 ||| INVOKING Heroism.
  6122 | Lair:1   | 6122 ||| INVOKING Heroism.
  6279 | Lair:1   | Reached skill level 9 in Dodging
  6285 | Lair:1   | Reached skill level 3 in Armour
  6291 | Lair:1   | 6291 ||| INVOKING Heroism.
  6416 | Lair:1   | Found a dark tunnel.
  6700 | Lair:1   | 6700 ||| READING scroll labelled ZAITUE XIXZACS.
  6701 | Lair:1   | 6701 ||| READING scroll labelled OBIWEG YKLYC.
  6714 | Lair:2   | Noticed an elephant
  6714 | Lair:2   | Noticed an elephant
  6714 | Lair:2   | Noticed an elephant
  6716 | Lair:2   | Noticed an elephant
  6723 | Lair:2   | Killed an elephant
  6724 | Lair:2   | Reached skill level 10 in Dodging
  6727 | Lair:2   | 6727 ||| STAIRDANCE
  6732 | Lair:1   | 6732 ||| INVOKING Heroism.
  6736 | Lair:1   | Killed an elephant
  6745 | Lair:1   | Killed an elephant
  6745 | Lair:1   | Reached **** piety under Okawaru
  6746 | Lair:1   | Reached XP level 11. HP: 20/64 MP: 14/16
  6906 | Lair:2   | Found a staircase to the Snake Pit.
  6916 | Lair:2   | Reached skill level 6 in Fighting
  7049 | Lair:2   | 7049 ||| INVOKING Heroism.
  7076 | Lair:2   | 7076 ||| INVOKING Heroism.
  7094 | Lair:2   | 7094 ||| FLEEEEING.
  7097 | Lair:2   | 7097 ||| FLEEEEING.
  7100 | Lair:2   | 7100 ||| FLEEEEING.
  7102 | Lair:2   | 7102 ||| FLEEEEING.
  7103 | Lair:2   | 7103 ||| FLEEEEING.
  7104 | Lair:2   | 7104 ||| FLEEEEING.
  7105 | Lair:2   | 7105 ||| FLEEEEING.
  7106 | Lair:2   | 7106 ||| FLEEEEING.
  7108 | Lair:2   | 7108 ||| FLEEEEING.
  7109 | Lair:2   | 7109 ||| FLEEEEING.
  7110 | Lair:2   | 7110 ||| FLEEEEING.
  7111 | Lair:2   | 7111 ||| FLEEEEING.
  7113 | Lair:2   | 7113 ||| FLEEEEING.
  7114 | Lair:2   | 7114 ||| FLEEEEING.
  7115 | Lair:2   | 7115 ||| FLEEEEING.
  7116 | Lair:2   | 7116 ||| FLEEEEING.
  7122 | Lair:2   | 7122 ||| STAIRDANCE
  7222 | Lair:2   | Reached skill level 6 in Invocations
  7235 | Lair:2   | Found a glowing golden altar of the Shining One.
  7244 | Lair:2   | 7244 ||| INVOKING Heroism.
  7249 | Lair:2   | Reached ***** piety under Okawaru
  7273 | Lair:2   | 7273 ||| INVOKING Heroism.
  7299 | Lair:2   | 7299 ||| Stepping ~*~*~tactically~*~*~ (outnumbered).
  7308 | Lair:2   | 7308 ||| INVOKING Heroism.
  7318 | Lair:2   | HP: 14/67 [komodo dragon (23)]
  7319 | Lair:2   | 7319 ||| DRINKING 3 potions of heal wounds.
  7320 | Lair:2   | 7320 ||| DRINKING 2 potions of heal wounds.
  7470 | Lair:2   | Reached skill level 11 in Dodging
  7743 | Lair:2   | 7743 ||| INVOKING Heroism.
  7784 | Lair:2   | 7784 ||| INVOKING Heroism.
  7800 | Lair:2   | Found a staircase to the Swamp.
  7861 | Lair:2   | 7861 ||| INVOKING Heroism.
  8140 | Lair:2   | 8140 ||| DROPPING ring of see invisible.
  8141 | Lair:2   | 8141 ||| DROPPING ring of flight.
  8142 | Lair:2   | 8142 ||| READING scroll labelled GINUDU QISE.
  8143 | Lair:2   | 8143 ||| READING scroll labelled USARGH SOQO.
  8182 | Lair:3   | 8182 ||| INVOKING Heroism.
  8218 | Lair:3   | Reached XP level 12. HP: 72/72 MP: 20/20
  8280 | Lair:3   | Reached skill level 9 in Invocations
  8328 | Lair:3   | 8328 ||| INVOKING Heroism.
  8331 | Lair:3   | HP: 13/72 [skyshark (8)]
  8332 | Lair:3   | 8332 ||| DRINKING 2 potions of heal wounds.
  8339 | Lair:3   | Identified the +11 longbow "Kulielum" {speed, Will+ rCorr}
                  | (Okawaru gifted it to you on level 3 of the Lair of Beasts)
  8339 | Lair:3   | Received a gift from Okawaru
  8340 | Lair:3   | Reached skill level 12 in Dodging
  8503 | Lair:3   | 8503 ||| SWAPPING to +11 longbow "Kulielum" {speed, Will+
                  | rCorr}.
  8504 | Lair:3   | 8504 ||| DROPPING +3 orcbow.
  8528 | Lair:3   | 8528 ||| INVOKING Heroism.
  8616 | Lair:3   | 8616 ||| INVOKING Heroism.
  8692 | Lair:3   | 8692 ||| INVOKING Heroism.
  8872 | Lair:3   | 8872 ||| INVOKING Heroism.
  9139 | Lair:3   | 9139 ||| DROPPING ring of poison resistance.
  9140 | Lair:3   | 9140 ||| READING scroll labelled VEOROD RAIJYM.
  9233 | Lair:4   | Reached skill level 18 in Ranged Weapons
  9245 | Lair:4   | Received a gift from Okawaru
  9345 | Lair:4   | Reached ****** piety under Okawaru
  9347 | Lair:4   | 9347 ||| INVOKING Heroism.
  9457 | Lair:4   | 9457 ||| INVOKING Heroism.
  9541 | Lair:4   | Noticed a death yak
  9542 | Lair:4   | 9542 ||| INVOKING Heroism.
  9542 | Lair:4   | Noticed a death yak
  9542 | Lair:4   | Noticed a death yak
  9543 | Lair:4   | 9543 ||| INVOKING Finesse.
  9543 | Lair:4   | Noticed a death yak
  9549 | Lair:4   | Noticed a death yak
  9551 | Lair:4   | Killed a death yak
  9562 | Lair:4   | Killed a death yak
  9563 | Lair:4   | Reached XP level 13. HP: 76/76 MP: 15/22
  9740 | Lair:4   | 9740 ||| INVOKING Heroism.
  9745 | Lair:4   | Identified the scarf "Miwnah" {shadows, Fly Str+3} (Okawaru
                  | gifted it to you on level 4 of the Lair of Beasts)
  9745 | Lair:4   | Received a gift from Okawaru
  9790 | Lair:4   | 9790 ||| INVOKING Heroism.
 10129 | Lair:4   | 10129 ||| UPGRADING to scarf "Miwnah" {shadows, Fly Str+3}.
 10139 | Lair:4   | 10139 ||| UPGRADING to +0 pair of gloves.
 10144 | Lair:4   | 10144 ||| READING 2 scrolls of identify.
 10144 | Lair:4   | 10144 ||| IDENTIFYING yellow potion
 10145 | Lair:4   | 10145 ||| DROPPING potion of berserk rage.
 10151 | Lair:5   | Entered Level 5 of the Lair of Beasts
 10153 | Lair:5   | Found a staircase to the Slime Pits.
 10179 | Lair:5   | 10179 ||| INVOKING Heroism.
 10180 | Lair:5   | 10180 ||| INVOKING Finesse.
 10269 | Lair:5   | 10269 ||| INVOKING Heroism.
 10438 | Lair:5   | 10438 ||| INVOKING Heroism.
 10474 | Lair:5   | 10474 ||| INVOKING Heroism.
 10480 | Lair:5   | Reached skill level 13 in Dodging
 10556 | Lair:5   | 10556 ||| INVOKING Heroism.
 10588 | Lair:5   | 10588 ||| INVOKING Heroism.
 10625 | Lair:5   | Reached skill level 14 in Dodging
 10655 | Lair:5   | 10655 ||| INVOKING Heroism.
 10757 | Lair:5   | 10757 ||| INVOKING Heroism.
 10760 | Lair:5   | 10760 ||| INVOKING Finesse.
 10810 | Lair:5   | 10810 ||| INVOKING Heroism.
 10814 | Lair:5   | 10814 ||| INVOKING Finesse.
 10858 | Lair:5   | Identified the +5 ring mail "Ryny" {Will+ Dex+3}
 10863 | Lair:5   | Identified the +0 plate armour of Xom's Vengeance {Harm
                  | rPois Dex+3}
 10875 | Lair:5   | 10875 ||| INVOKING Heroism.
 11074 | Lair:5   | Reached skill level 9 in Fighting
 11147 | Lair:5   | 11147 ||| INVOKING Heroism.
 11148 | Lair:5   | 11148 ||| Stepping ~*~*~tactically~*~*~ (cloud).
 11371 | Lair:5   | 11371 ||| PLANNING D:1-11
 11371 | Lair:5   | 11371 ||| DROPPING +4 ring mail.
 11372 | Lair:5   | 11372 ||| UPGRADING to +5 ring mail "Ryny" {Will+ Dex+3}.
 11382 | Lair:5   | 11382 ||| DROPPING +2 ring mail of willpower.
 11383 | Lair:5   | 11383 ||| READING 2 scrolls of identify.
 11383 | Lair:5   | 11383 ||| IDENTIFYING fuming coppery potion
 11585 | D:9      | Found Xoallamp's General Store.
 11593 | D:9      | 11593 ||| BUYING +4 ring mail of fire resistance (310
                  | gold).
 11593 | D:9      | Bought a +4 ring mail of fire resistance for 310 gold
                  | pieces
 11593 | D:9      | 11593 ||| BUYING scroll of identify (20 gold).
 11593 | D:9      | Bought a scroll of identify for 20 gold pieces
 11593 | D:9      | 11593 ||| BUYING scroll of teleportation (30 gold).
 11593 | D:9      | Bought a scroll of teleportation for 30 gold pieces
 11772 | D:9      | Found a shimmering altar of Xom.
 11904 | D:10     | Entered Level 10 of the Dungeon
 12049 | D:10     | 12049 ||| INVOKING Heroism.
 12070 | D:10     | Found a staircase to the Orcish Mines.
 12099 | D:10     | Found a portal to a secret trove of treasure.
 12109 | D:10     | Reached skill level 15 in Dodging
 12118 | D:10     | 12118 ||| FLEEEEING.
 12230 | D:10     | Reached XP level 14. HP: 86/86 MP: 23/23
 12296 | D:10     | Found a sacrificial altar of Ru.
 12341 | D:10     | 12341 ||| DROPPING amulet of guardian spirit.
 12342 | D:10     | 12342 ||| DROPPING ring of willpower.
 12343 | D:10     | 12343 ||| DROPPING +4 ring of protection.
 12344 | D:10     | 12344 ||| READING scroll labelled XACHIWERUNG.
 12433 | D:11     | 12433 ||| Stepping ~*~*~tactically~*~*~ (outnumbered).
 12437 | D:11     | 12437 ||| Stepping ~*~*~tactically~*~*~ (outnumbered).
 12523 | D:11     | Identified the +0 kite shield of a volcano {rElec} (Okawaru
                  | gifted it to you on level 11 of the Dungeon)
 12523 | D:11     | Received a gift from Okawaru
 12600 | D:11     | 12600 ||| INVOKING Heroism.
 12601 | D:11     | 12601 ||| INVOKING Finesse.
 12789 | D:11     | 12789 ||| Stepping randomly (disturbance).
 12884 | D:11     | Found a glowing golden altar of the Shining One.
 13044 | D:11     | 13044 ||| PLANNING D
 13325 | D:12     | 13325 ||| INVOKING Heroism.
 13326 | D:12     | 13326 ||| INVOKING Finesse.
 13506 | D:12     | 13506 ||| INVOKING Heroism.
 13661 | D:12     | 13661 ||| INVOKING Heroism.
 13662 | D:12     | 13662 ||| READING 2 scrolls of teleportation.
 13747 | D:12     | 13747 ||| INVOKING Heroism.
 13748 | D:12     | 13748 ||| READING scroll of teleportation.
 13953 | D:12     | 13953 ||| Stepping ~*~*~tactically~*~*~ (outnumbered).
 13955 | D:12     | 13955 ||| Stepping ~*~*~tactically~*~*~ (outnumbered).
 13959 | D:12     | 13959 ||| Stepping ~*~*~tactically~*~*~ (outnumbered).
 13963 | D:12     | 13963 ||| Stepping ~*~*~tactically~*~*~ (outnumbered).
 14037 | D:12     | 14037 ||| READING scroll labelled LESMAW GURUWI.
 14054 | D:13     | Noticed Urug
 14054 | D:13     | Noticed Lodul
 14054 | D:13     | Found a gate to the Vaults.
 14055 | D:13     | 14055 ||| INVOKING Heroism.
 14066 | D:13     | Reached skill level 16 in Dodging
 14073 | D:13     | Killed Urug
 14097 | D:13     | Killed Lodul
 14259 | D:13     | 14259 ||| Stepping ~*~*~tactically~*~*~ (outnumbered).
 14333 | D:13     | Identified the +3 scale mail of Hextovos {Harm Int-2 Dex+4}
 14449 | D:13     | Reached skill level 17 in Dodging
 14611 | D:13     | 14611 ||| Stepping ~*~*~tactically~*~*~ (outnumbered).
 14613 | D:13     | 14613 ||| Stepping ~*~*~tactically~*~*~ (outnumbered).
 14615 | D:13     | 14615 ||| Stepping ~*~*~tactically~*~*~ (outnumbered).
 14648 | D:13     | 14648 ||| INVOKING Heroism.
 14649 | D:13     | 14649 ||| INVOKING Finesse.
 15263 | D:14     | Identified the scarf "Daunn" {harm, Str+3} (Okawaru gifted
                  | it to you on level 14 of the Dungeon)
 15263 | D:14     | Received a gift from Okawaru
 15329 | D:14     | 15329 ||| INVOKING Heroism.
 15533 | D:14     | 15533 ||| DROPPING scarf "Daunn" {harm, Str+3}.
 15544 | D:15     | Entered Level 15 of the Dungeon
 15545 | D:15     | 15545 ||| PLANNING GAUNTLET
 15556 | D:15     | 15556 ||| INVOKING Heroism.
 15557 | D:15     | 15557 ||| INVOKING Finesse.
 15593 | D:15     | 15593 ||| INVOKING Heroism.
 15594 | D:15     | 15594 ||| INVOKING Finesse.
 15724 | D:15     | 15724 ||| INVOKING Heroism.
 15744 | D:15     | Reached skill level 18 in Dodging
 15791 | D:15     | 15791 ||| Stepping ~*~*~tactically~*~*~ (outnumbered).
 15795 | D:15     | 15795 ||| Stepping ~*~*~tactically~*~*~ (outnumbered).
 15797 | D:15     | 15797 ||| Stepping ~*~*~tactically~*~*~ (outnumbered).
 15804 | D:15     | Reached skill level 6 in Armour
 15810 | D:15     | 15810 ||| INVOKING Heroism.
 15815 | D:15     | Reached XP level 15. HP: 64/92 MP: 21/24
 15899 | D:15     | Found a staircase to the Depths.
 15992 | D:15     | 15992 ||| FLEEEEING.
 16025 | D:15     | 16025 ||| INVOKING Heroism.
 16064 | D:15     | 16064 ||| RIP GAUNTLET
 16095 | D:15     | 16095 ||| PLANNING D
 16159 | D:15     | 16159 ||| INVOKING Heroism.
 16498 | D:15     | 16498 ||| PLANNING ORC
 16498 | D:15     | 16498 ||| DROPPING scarf of repulsion.
 16499 | D:15     | 16499 ||| DROPPING amulet of regeneration.
 16598 | Orc:1    | Entered Level 1 of the Orcish Mines
 16599 | Orc:1    | 16599 ||| INVOKING Heroism.
 16640 | Orc:1    | 16640 ||| STAIRDANCE
 16870 | Orc:1    | 16870 ||| INVOKING Heroism.
 16900 | Orc:1    | Found a radiant altar of Vehumet.
 16938 | Orc:1    | 16938 ||| INVOKING Heroism.
 17015 | Orc:2    | Entered Level 2 of the Orcish Mines
 17015 | Orc:2    | Found a staircase to the Elven Halls.
 17031 | Orc:2    | Found Kusig's Assorted Antiques.
 17036 | Orc:2    | 17036 ||| BUYING 3 scrolls of enchant armour (630 gold).
 17036 | Orc:2    | Bought 3 scrolls of enchant armour for 630 gold pieces
 17036 | Orc:2    | 17036 ||| BUYING ancient granite ring (140 gold).
 17036 | Orc:2    | Bought an ancient granite ring for 140 gold pieces
 17036 | Orc:2    | Identified the ring of Hard Scrabble {Wiz rN++ Str-3 Int+4
                  | SInv} (You bought it in a shop on level 2 of the Orcish
                  | Mines)
 17036 | Orc:2    | 17036 ||| BUYING potion of cancellation (224 gold).
 17036 | Orc:2    | Bought a potion of cancellation for 224 gold pieces
 17036 | Orc:2    | 17036 ||| BUYING potion of haste (280 gold).
 17036 | Orc:2    | Bought a potion of haste for 280 gold pieces
 17036 | Orc:2    | 17036 ||| BUYING scroll of enchant weapon (210 gold).
 17036 | Orc:2    | Bought a scroll of enchant weapon for 210 gold pieces
 17036 | Orc:2    | 17036 ||| SHOPLISTING wand of digging (6) (705 gold, have
                  | 471).
 17036 | Orc:2    | 17036 ||| READING 3 scrolls of enchant armour.
 17036 | Orc:2    | 17036 ||| ENCHANTING +0 pair of gloves.
 17037 | Orc:2    | 17037 ||| READING 2 scrolls of enchant armour.
 17037 | Orc:2    | 17037 ||| ENCHANTING +1 pair of gloves.
 17038 | Orc:2    | 17038 ||| READING scroll of enchant armour.
 17038 | Orc:2    | 17038 ||| ENCHANTING +0 helmet.
 17053 | Orc:2    | Found Usabiargh's Book Boutique.
 17065 | Orc:2    | 17065 ||| Stepping ~*~*~tactically~*~*~ (outnumbered).
 17141 | Orc:2    | Found Hum Orgh's Distillery.
 17149 | Orc:2    | 17149 ||| BUYING 2 potions of cancellation (208 gold).
 17149 | Orc:2    | Bought 2 potions of cancellation for 208 gold pieces
 17149 | Orc:2    | 17149 ||| BUYING 2 potions of curing (78 gold).
 17149 | Orc:2    | Bought 2 potions of curing for 78 gold pieces
 17149 | Orc:2    | 17149 ||| BUYING potion of curing (39 gold).
 17149 | Orc:2    | Bought a potion of curing for 39 gold pieces
 17149 | Orc:2    | 17149 ||| BUYING potion of curing (39 gold).
 17149 | Orc:2    | Bought a potion of curing for 39 gold pieces
 17149 | Orc:2    | 17149 ||| BUYING potion of might (52 gold).
 17149 | Orc:2    | Bought a potion of might for 52 gold pieces
 17149 | Orc:2    | 17149 ||| BUYING potion of might (52 gold).
 17149 | Orc:2    | Bought a potion of might for 52 gold pieces
 17193 | Orc:2    | 17193 ||| INVOKING Heroism.
 17209 | Orc:2    | Found Fuptig's Magic Scroll Emporium.
 17219 | Orc:2    | 17219 ||| SHOPLISTING scroll of enchant armour (105 gold,
                  | have 100).
 17219 | Orc:2    | 17219 ||| BUYING scroll of identify (28 gold).
 17219 | Orc:2    | Bought a scroll of identify for 28 gold pieces
 17219 | Orc:2    | 17219 ||| BUYING scroll of teleportation (42 gold).
 17219 | Orc:2    | Bought a scroll of teleportation for 42 gold pieces
 17219 | Orc:2    | 17219 ||| SHOPLISTING scroll of teleportation (42 gold,
                  | have 30).
 17234 | Orc:2    | 17234 ||| Stepping ~*~*~tactically~*~*~ (outnumbered).
 17242 | Orc:2    | 17242 ||| INVOKING Finesse.
 17245 | Orc:2    | Received a gift from Okawaru
 17262 | Orc:2    | Reached skill level 19 in Dodging
 17266 | Orc:2    | 17266 ||| INVOKING Heroism.
 17309 | Orc:2    | Found Zuhiothre's Armour Boutique.
 17312 | Orc:2    | Found Hobba's Antique Weapon Boutique.
 17318 | Orc:2    | 17318 ||| SHOPLISTING +0 pair of boots of Noon {rC++ Will-
                  | rCorr Dex+4} (543 gold, have 30).
 17318 | Orc:2    | 17318 ||| SHOPLISTING +2 pair of boots of the Baker {Harm
                  | +Inv} (399 gold, have 30).
 17328 | Orc:2    | 17328 ||| INVOKING Heroism.
 17363 | Orc:2    | 17363 ||| INVOKING Finesse.
 17494 | Orc:2    | Found Zaote Roozusk's Distillery.
 17503 | Orc:2    | 17503 ||| BUYING potion of curing (39 gold).
 17503 | Orc:2    | Bought a potion of curing for 39 gold pieces
 17503 | Orc:2    | 17503 ||| SHOPLISTING potion of enlightenment (65 gold,
                  | have 19).
 17503 | Orc:2    | 17503 ||| SHOPLISTING potion of might (52 gold, have 19).
 17503 | Orc:2    | 17503 ||| SHOPLISTING potion of resistance (130 gold, have
                  | 19).
 17792 | Orc:2    | Found Wataat's Magic Scroll Shop.
 17793 | Orc:2    | 17793 ||| INVOKING Heroism.
 17852 | Orc:2    | 17852 ||| BUYING scroll of identify (32 gold).
 17852 | Orc:2    | Bought a scroll of identify for 32 gold pieces
 17852 | Orc:2    | 17852 ||| BUYING scroll of identify (32 gold).
 17852 | Orc:2    | Bought a scroll of identify for 32 gold pieces
 17852 | Orc:2    | 17852 ||| BUYING scroll of identify (32 gold).
 17852 | Orc:2    | Bought a scroll of identify for 32 gold pieces
 17852 | Orc:2    | 17852 ||| DROPPING ring of Hard Scrabble {Wiz rN++ Str-3
                  | Int+4 SInv}.
 17853 | Orc:2    | 17853 ||| PLANNING SWAMP:1-3
 18029 | Swamp:1  | Entered Level 1 of the Swamp
 18051 | Swamp:1  | Reached skill level 20 in Dodging
 18095 | Swamp:1  | You are sucked into a shaft and drop 1 floor!
 18310 | Swamp:1  | 18310 ||| INVOKING Heroism.
 18327 | Swamp:1  | 18327 ||| Stepping ~*~*~tactically~*~*~ (outnumbered).
 18377 | Swamp:1  | 18377 ||| INVOKING Heroism.
 18517 | Swamp:1  | 18517 ||| INVOKING Heroism.
 18536 | Swamp:1  | Received a gift from Okawaru
 18716 | Swamp:1  | 18716 ||| INVOKING Heroism.
 18721 | Swamp:1  | Reached skill level 12 in Fighting
 18777 | Swamp:1  | Identified the +2 hand axe "Muireytu" {drain, *Noise Int+5}
 19049 | Swamp:2  | 19049 ||| INVOKING Heroism.
 19120 | Swamp:2  | 19120 ||| INVOKING Heroism.
 19129 | Swamp:2  | Reached XP level 16. HP: 101/101 MP: 23/25
 19157 | Swamp:2  | 19157 ||| DRINKING 2 potions of resistance.
 19162 | Swamp:2  | Identified the +3 hand axe "Asiont" {venom, *Rage rElec
                  | Dex+3}
 19175 | Swamp:2  | 19175 ||| INVOKING Heroism.
 19502 | Swamp:2  | 19502 ||| READING scroll of enchant armour.
 19502 | Swamp:2  | 19502 ||| ENCHANTING +1 helmet.
 19597 | Swamp:3  | 19597 ||| INVOKING Heroism.
 19603 | Swamp:3  | Identified the +5 scale mail of Calculation {rCorr}
                  | (Okawaru gifted it to you on level 3 of the Swamp)
 19603 | Swamp:3  | Received a gift from Okawaru
 19683 | Swamp:3  | 19683 ||| INVOKING Heroism.
 19780 | Swamp:3  | Noticed Jorgrun
 19781 | Swamp:3  | 19781 ||| INVOKING Heroism.
 19782 | Swamp:3  | 19782 ||| INVOKING Finesse.
 19789 | Swamp:3  | Killed Jorgrun
 19863 | Swamp:3  | Reached skill level 21 in Dodging
 20222 | Swamp:3  | 20222 ||| INVOKING Heroism.
 20288 | Swamp:3  | 20288 ||| PLANNING SNAKE:1-3
 20288 | Swamp:3  | 20288 ||| DROPPING amulet of the acrobat.
 20412 | Snake:1  | Entered Level 1 of the Snake Pit
 20558 | Snake:1  | 20558 ||| INVOKING Heroism.
 20760 | Snake:1  | Identified the +7 executioner's axe "Bozoa" {speed,
                  | *Corrode rN+ Will+ Str+3} (Okawaru gifted it to you on
                  | level 1 of the Snake Pit)
 20760 | Snake:1  | Received a gift from Okawaru
 20839 | Snake:1  | 20839 ||| INVOKING Heroism.
 20840 | Snake:1  | 20840 ||| Stepping ~*~*~tactically~*~*~ (outnumbered).
 20850 | Snake:1  | 20850 ||| Stepping ~*~*~tactically~*~*~ (outnumbered).
 20852 | Snake:1  | 20852 ||| Stepping ~*~*~tactically~*~*~ (outnumbered).
 20854 | Snake:1  | 20854 ||| Stepping ~*~*~tactically~*~*~ (outnumbered).
 20856 | Snake:1  | 20856 ||| Stepping ~*~*~tactically~*~*~ (outnumbered).
 20875 | Snake:1  | 20875 ||| Stepping ~*~*~tactically~*~*~ (outnumbered).
 20926 | Snake:1  | 20926 ||| INVOKING Heroism.
 20930 | Snake:1  | 20930 ||| Stepping ~*~*~tactically~*~*~ (outnumbered).
 20939 | Snake:1  | 20939 ||| Stepping ~*~*~tactically~*~*~ (outnumbered).
 21161 | Snake:1  | 21161 ||| READING scroll of enchant armour.
 21161 | Snake:1  | 21161 ||| ENCHANTING +0 pair of boots.
 21273 | Snake:1  | Found Effihuw's Overcharged Wands.
 21490 | Snake:1  | 21490 ||| READING scroll labelled RIMNOA DUIX.
 21530 | Snake:2  | Reached skill level 22 in Dodging
 21533 | Snake:2  | 21533 ||| DRINKING potion of mutation.
 21533 | Snake:2  | Lost mutation: Your spells are a little harder to cast, but
                  | a little more powerful. [potion of mutation]
 21533 | Snake:2  | Lost mutation: Your body often deteriorates upon taking
                  | damage. [potion of mutation]
 21533 | Snake:2  | Gained mutation: You possess an exceptional clarity of
                  | mind. [potion of mutation]
 21533 | Snake:2  | Gained mutation: You have hidden genetic potential. [potion
                  | of mutation]
 21582 | Snake:2  | Received a gift from Okawaru
 21606 | Snake:2  | Identified Roxanne's Exposition on Metamorphosis
 21606 | Snake:2  | Noticed Roxanne
 21607 | Snake:2  | 21607 ||| INVOKING Heroism.
 21608 | Snake:2  | 21608 ||| INVOKING Finesse.
 21620 | Snake:2  | Killed Roxanne
 21676 | Snake:2  | 21676 ||| INVOKING Heroism.
 21695 | Snake:2  | Found a runed translucent gate.
 21695 | Snake:2  | Found a runed translucent gate.
 21695 | Snake:2  | Found a runed translucent gate.
 21704 | Snake:2  | 21704 ||| Stepping ~*~*~tactically~*~*~ (outnumbered).
 21707 | Snake:2  | 21707 ||| Stepping ~*~*~tactically~*~*~ (outnumbered).
 21708 | Snake:2  | 21708 ||| Stepping ~*~*~tactically~*~*~ (outnumbered).
 21712 | Snake:2  | 21712 ||| Stepping ~*~*~tactically~*~*~ (outnumbered).
 21716 | Snake:2  | 21716 ||| Stepping ~*~*~tactically~*~*~ (outnumbered).
 21767 | Snake:2  | Noticed Gygal Fez's ghost (adept MiFi)
 21881 | Snake:2  | 21881 ||| INVOKING Heroism.
 22353 | Snake:2  | Noticed Vashnia
 22354 | Snake:2  | 22354 ||| INVOKING Heroism.
 22355 | Snake:2  | 22355 ||| INVOKING Finesse.
 22356 | Snake:2  | 22356 ||| Stepping ~*~*~tactically~*~*~ (outnumbered).
 22396 | Snake:2  | Killed Vashnia
 22397 | Snake:2  | Reached XP level 17. HP: 104/109 MP: 20/26
 23284 | Snake:3  | 23284 ||| INVOKING Heroism.
 23323 | Snake:3  | 23323 ||| INVOKING Heroism.
 23469 | Snake:3  | 23469 ||| INVOKING Heroism.
 24057 | Snake:3  | 24057 ||| PLANNING SWAMP:4
 24253 | Swamp:4  | Entered Level 4 of the Swamp
 24303 | Swamp:4  | 24303 ||| Stepping ~*~*~tactically~*~*~ (cloud).
 24311 | Swamp:4  | 24311 ||| DRINKING potion of resistance.
 24346 | Swamp:4  | Noticed Bai Suzhen
 24347 | Swamp:4  | 24347 ||| INVOKING Heroism.
 24348 | Swamp:4  | 24348 ||| INVOKING Finesse.
 24365 | Swamp:4  | Killed Bai Suzhen
 24437 | Swamp:4  | 24437 ||| INVOKING Heroism.
 24468 | Swamp:4  | 24468 ||| INVOKING Heroism.
 24473 | Swamp:4  | 24473 ||| Stepping ~*~*~tactically~*~*~ (outnumbered).
 24495 | Swamp:4  | Reached skill level 9 in Armour
 24500 | Swamp:4  | 24500 ||| Stepping ~*~*~tactically~*~*~ (cloud).
 24504 | Swamp:4  | 24504 ||| Stepping ~*~*~tactically~*~*~ (cloud).
 24520 | Swamp:4  | Noticed the 27-headed Lernaean hydra
 24524 | Swamp:4  | HP: 22/111 [swamp dragon (9)]
 24525 | Swamp:4  | 24525 ||| READING 7 scrolls of teleportation.
 24526 | Swamp:4  | 24526 ||| DRINKING 3 potions of heal wounds.
 24542 | Swamp:4  | 24542 ||| FLEEEEING.
 24543 | Swamp:4  | 24543 ||| FLEEEEING.
 24544 | Swamp:4  | 24544 ||| STAIRDANCE
 24546 | Swamp:3  | 24546 ||| INVOKING Heroism.
 24795 | Swamp:4  | 24795 ||| STAIRDANCE
 24797 | Swamp:3  | 24797 ||| INVOKING Heroism.
 24797 | Swamp:3  | HP: 21/111 [the 27-headed Lernaean hydra (9)]
 24798 | Swamp:3  | 24798 ||| READING 6 scrolls of teleportation.
 24798 | Swamp:3  | HP: 2/111 [the 27-headed Lernaean hydra (10)]
 24798 | Swamp:3  | Slain by the 27-headed Lernaean hydra

Levels and vault maps discovered:
D:1:      shiori_arrival_oz, layout_loops_ring, nrook_mini_backslash,
          nicolae_grassy_gnolls
D:2:      layout_basic, uniq_robin
D:3:      layout_rooms, nicolae_overflow_quartered_altars,
          ebering_ecumenical_altar_box
D:4:      layout_cave_pools
D:5:      layout_cave_pools, marbit_many_paths, gup_sewer_entry_bowl,
          st_stairs_8, uniq_grinder
D:6:      layout_cave_pools, minmay_temple_entry_purple_smoke
D:7:      layout_loops_cross, riverfiend_overflow_shadow_ancestor,
          bloody_makhleb, enter_bailey_7, dreamdust_wishing_well, uniq_menkaure
D:8:      layout_loops_cross, lair_entry_dummy, minmay_gold_behind_fungi
D:9:      layout_rooms, xom_teletrap_fun, serial_shops, shop
D:10:     layout_basic, nicolae_ru_path_of_blood, minmay_orc_entry_guard_dogs,
          nicolae_trove_entry_crossroad, lemuel_flamethrower_hall
D:11:     layout_roguey, nicolae_sextant, tso_altar
D:12:     layout_roguey
D:13:     layout_roguey, david_vaults_3, eino_tiny_chamber
D:14:     layout_small_grid, minivault_24
D:15:     gammafunk_enter_depths_forms, layout_long_grid, serial_glass,
          glass_columns_b, glass_columns_b, feat_on_display,
          gauntlet_entry_generic, minmay_misc_feat_rows, solitary_fountain
Lair:1:   layout_small_grid, nicolae_volcano_entry_s_turn
Lair:2:   layout_loops_ring, minmay_swamp_entry_reptiles,
          minmay_snake_entry_spellcaster, basic_altar, beast_lair_carwin_1
Lair:3:   layout_misc_corridors
Lair:4:   layout_regular_city
Lair:5:   gammafunk_lair_ancient_temple, layout_gridlike,
          dpeg_slime_entry_corner, grunt_forest_stairs_basic, lemuel_fruit_tree
Swamp:1:  layout_basic_swamp, evilmike_swamp_ruin_house_2,
          infiniplex_staircase_pool_2
Swamp:2:  layout_falls_marsh, nicolae_swamp_very_dense_foliage, swamp_pool3,
          infiniplex_staircase_pool
Swamp:3:  layout_basic_swamp, evilmike_swamp_ruin_house_3, swamp_pool1,
          uniq_jorgrun
Swamp:4:  swamp_old_school, layout_basic_swamp, uniq_bai_suzhen
Snake:1:  nicolae_snakescales, layout_onion, nicolae_shop_overcharged_wands
Snake:2:  layout_onion, gammafunk_ghost_split, nicolae_triple_integral,
          uniq_vashnia, uniq_roxanne
Snake:3:  layout_grid_maze
Orc:1:    layout_caves, basic_altar
Orc:2:    hellmonk_orc_salted, layout_caves, serial_shops,
          nicolae_shop_waterfront, nicolae_shop_crystal, shop, shop,
          nicolae_orc_flooded_monolith

Skill      XL: |  1  2  3  4  5  6  7  8  9 10 11 12 13 14 15 16 17 |
---------------+----------------------------------------------------+-----
Ranged Weapons | 6 7 9 10 13 15 16 19 20 | 20.6
Dodging        | 3 4 5 7 10 11 12 15 18 20 22 | 22.0
Fighting       | 2 3 4 5 7 9 10 12 13 14 | 14.0
Armour         | 1 2 3 4 6 8 9 |  9.0
Invocations    | 4 8 10 | 10.0
Stealth        | |  1.2

Action                     |  1- 3 |  4- 6 |  7- 9 | 10-12 | 13-15 | 16-18 || total
---------------------------+-------+-------+-------+-------+-------+-------++-------
   Fire: Shortbow          |   116 |   140 |   111 |       |       |       ||   367
         Orcbow            |       |       |   234 |   394 |       |       ||   628
         Longbow           |       |       |       |   152 |  1223 |   666 ||  2041
 Invoke: Heroism           |       |     2 |    14 |    24 |    41 |    20 ||   101
         Finesse           |       |       |       |     1 |    10 |     4 ||    15
    Use: Scroll            |     4 |     1 |     6 |     7 |     9 |     5 ||    32
         Potion            |       |     6 |     6 |     3 |       |     4 ||    19
 Armour: Leather armour    |    11 |     4 |       |       |       |       ||    15
         Ring mail         |       |    19 |    40 |    41 |    37 |    49 ||   186
  Dodge: Dodged            |    31 |    77 |   164 |   256 |   372 |   340 ||  1240

Table legend:
 A = Non-vault XP
 B = Vault XP
 C = Vault XP percentage of total XP
 D = Non-vault monster count
 E = Vault monster count
 F = Vault count percentage of total count
                 A         B        C        D         E       F
            +---------+---------+-------+---------+---------+-------
      Total |  182775 |   68566 |  27.3 |     700 |     181 |  20.5
            +---------+---------+-------+---------+---------+-------
        D:1 |      53 |      17 |  24.3 |      34 |       2 |   5.6
        D:2 |      36 |      35 |  49.3 |      13 |      12 |  48.0
        D:3 |     199 |       0 |   0.0 |      22 |       0 |   0.0
        D:4 |     766 |       0 |   0.0 |      30 |       0 |   0.0
        D:5 |     636 |     354 |  35.8 |      11 |       6 |  35.3
        D:6 |    1488 |       0 |   0.0 |      19 |       0 |   0.0
        D:7 |     884 |     197 |  18.2 |      24 |       5 |  17.2
        D:8 |    1076 |       0 |   0.0 |      19 |       0 |   0.0
        D:9 |    2709 |       0 |   0.0 |      39 |       0 |   0.0
       D:10 |    2123 |     346 |  14.0 |      23 |       2 |   8.0
       D:11 |    3408 |       0 |   0.0 |      21 |       0 |   0.0
       D:12 |    5854 |       0 |   0.0 |      30 |       0 |   0.0
       D:13 |    7901 |    5699 |  41.9 |      26 |      20 |  43.5
       D:14 |    5744 |       0 |   0.0 |      10 |       0 |   0.0
       D:15 |   14909 |    5591 |  27.3 |      32 |       9 |  22.0
     Lair:1 |    5122 |       0 |   0.0 |      19 |       0 |   0.0
     Lair:2 |    5869 |    3797 |  39.3 |      25 |      13 |  34.2
     Lair:3 |    8943 |       0 |   0.0 |      29 |       0 |   0.0
     Lair:4 |   12386 |       0 |   0.0 |      35 |       0 |   0.0
     Lair:5 |    9137 |    8305 |  47.6 |      26 |      19 |  42.2
    Swamp:1 |   12997 |       0 |   0.0 |      24 |       0 |   0.0
    Swamp:2 |   13928 |       0 |   0.0 |      31 |       0 |   0.0
    Swamp:3 |   12449 |    1904 |  13.3 |      19 |       1 |   5.0
    Swamp:4 |   12169 |   11496 |  48.6 |      21 |      17 |  44.7
    Snake:1 |   17157 |    8899 |  34.2 |      36 |      16 |  30.8
    Snake:2 |    8902 |    7260 |  44.9 |      16 |       6 |  27.3
    Snake:3 |   10316 |       0 |   0.0 |      18 |       0 |   0.0
      Orc:1 |    4177 |       0 |   0.0 |      25 |       0 |   0.0
      Orc:2 |    1437 |   14515 |  91.0 |      23 |      43 |  65.2
      Sewer |       0 |     151 | 100.0 |       0 |      10 | 100.0
            +---------+---------+-------+---------+---------+-------
